 Dungeon Crawl Stone Soup version 0.27.1-1-g398f81649c (webtiles) character file.

Game seed: 12017060083292131202

39 styxcanada the Sneak (level 3, -2/18 HPs)
             Began as a Spriggan Brigand on Sept 21, 2021.
             Frozen to death by an endoplasm (5 damage)
             ... on level 2 of the Dungeon.
             The game lasted 00:05:31 (1705 turns).

styxcanada the Sneak (Spriggan Brigand)             Turns: 1705, Time: 00:05:31

Health: -2/18      AC:  3    Str:  7    XL:     3   Next: 28%
Magic:  4/4        EV: 16    Int: 12    God:
Gold:   44         SH:  5    Dex: 17    Spells: 2/2 levels left

rFire    . . .     SeeInvis +   a - +2 dagger
rCold    . . .     Faith    .   h - +0 buckler
rNeg     . . .     Spirit   .   b - +0 robe
rPois    .         Reflect  .   (helmet restricted)
rElec    .         Harm     .   c - +0 cloak
rCorr    .         Rampage  .   (gloves unavailable)
Will     .....                  (boots unavailable)
Stlth    ++++......             (no amulet)
HPRegen  0.06/turn              (no ring)
MPRegen  0.09/turn              (no ring)

@: very quick
A: very small, no large weapons, unfitting armour, see invisible, speed 3
a: no special abilities


You were on level 2 of the Dungeon.
You visited 1 branch of the dungeon, and saw 2 of its levels.

You collected 44 gold pieces.

Inventory:

Hand Weapons
 a - a +2 dagger (weapon)
Missiles
 d - 5 poisoned darts (quivered)
 e - 2 curare-tipped darts
 g - 39 stones
Armour
 b - a +0 robe (worn)
 c - a +0 cloak (worn)
 h - a +0 buckler (worn)
Scrolls
 f - 2 scrolls of identify {unknown}


   Skills:
 * Level 1.8 Fighting
 + Level 2.3 Short Blades
 + Level 2.1 Throwing
 * Level 1.9 Dodging
 * Level 7.0 Stealth
 * Level 0.1 Shields


You had 2 spell levels left.
You didn't know any spells.
Your spell library was empty.

Dungeon Overview and Level Annotations

Branches:
Dungeon (2/15)

Altars:

Shops:
D:1 (


Innate Abilities, Weirdness & Mutations

You are very small and have problems with some larger weapons.
You are too small for most types of armour.
You have supernaturally acute eyesight. (SInv)
You cover ground extremely quickly. (Speed+++)


Message History

You kill the ball python!
You see here a ball python corpse.
d - a poisoned dart
d - 2 poisoned darts (gained 1)
You see here a ball python corpse.
You see here a ball python corpse.
d - 4 poisoned darts (gained 2)
d - 5 poisoned darts (gained 1)
You see here a giant cockroach corpse.
You see here a +0 dagger.
You start resting.
An endoplasm comes into view.
An endoplasm is nearby!
You barely miss the endoplasm.
The endoplasm quivers.
The endoplasm barely misses you.
You hit the endoplasm.
The endoplasm is moderately wounded.
The endoplasm freezes you.
You are frozen.
You hit the endoplasm.
The endoplasm is severely wounded.
You block the endoplasm's attack.
You hit the endoplasm but do no damage.
The endoplasm is severely wounded.
The endoplasm freezes you.
You are frozen.
You hit the endoplasm.
The endoplasm is almost dead.
The endoplasm barely misses you.
Your shield prevents you from hitting the endoplasm.
The endoplasm is almost dead.
The endoplasm freezes you.
You are frozen.
* * * LOW HITPOINT WARNING * * *
You hit the endoplasm.
The endoplasm is almost dead.
The endoplasm freezes you.
You are frozen.
You die...

#............
#†....#.###..#
#........##..##
#†.....#.....≈
#......##....
#...##.##...# ##
#...##).#.#.#####..#
###..†..#......#.....
####......@........
###....J........
#.............
#.............
###.............
#...............
.........<.......
.....#............
.....##...........


You could see an endoplasm.

Vanquished Creatures
  2 endoplasms
  2 giant cockroaches
  6 hobgoblins (D:1)
  3 jackals (D:1)
  3 kobolds (D:1)
  2 quokkas (D:1)
  5 ball pythons
  A bat (D:1)
  3 frilled lizards (D:1)
  4 goblins
  3 rats (D:1)
34 creatures vanquished.

Notes
Turn   | Place    | Note
-------+----------+-------------------------------------------
     0 | D:1      | styxcanada the Spriggan Brigand began the quest for the
                  | Orb.
     0 | D:1      | Reached XP level 1. HP: 10/10 MP: 2/2
    11 | D:1      | Reached skill level 6 in Stealth
   180 | D:1      | Found a faded altar of an unknown god.
   317 | D:1      | Reached XP level 2. HP: 15/15 MP: 3/3
   437 | D:1      | Found Acotz's Weapon Boutique.
  1254 | D:1      | Reached XP level 3. HP: 14/18 MP: 4/4
  1285 | D:1      | Reached skill level 7 in Stealth
  1705 | D:2      | Frozen to death by an endoplasm

Illustrated notes

Levels and vault maps discovered:
D:1:      minmay_arrival_solitary_statue, layout_basic,
          dilly_ecumenical_altar_fadedgnrine, serial_shops,
          nicolae_diamond_shop, nrook_campfire
D:2:      layout_rooms, serial_rivers, chequers_serial_rivers_small_b,
          chequers_serial_rivers_large_b, chequers_serial_rivers_micro_e,
          chequers_serial_rivers_micro_a, chequers_serial_rivers_room_b,
          chequers_serial_rivers_micro_b

Skill      XL: |  1  2  3 |
---------------+----------+-----
Stealth        | 6 7 |  7.0
Fighting       | |  1.8
Short Blades   | |  2.3
Throwing       | |  2.1
Dodging        | |  1.9
Shields        | |  0.1

Action                   || total
-------------------------++-------
Melee: Dagger            ||    82
Throw: Dart              ||    29
 Stab: Sleeping          ||    12
Armor: Robe              ||    13
Dodge: Dodged            ||    45
Block: Buckler           ||    10
